 Dungeon Crawl Stone Soup version 0.27.0-65-ge2af304b15 (webtiles) character file.

Game seed: 6701830786872271042

571 Aromasin the Chopper (level 7, 0/91 HPs)
             Began as a Minotaur Berserker on Aug 18, 2021.
             Was a Priest of Trog.
             Slain by an ogre (18 damage)
             ... on level 4 of the Dungeon.
             The game lasted 00:16:28 (3307 turns).

Aromasin the Chopper (Minotaur Berserker)           Turns: 3307, Time: 00:16:28

Health: 0/91       AC: 16    Str: 23    XL:     7   Next: 12%
Magic:  6/6        EV:  7    Int:  4    God:    Trog [***...]
Gold:   114        SH:  0    Dex: 10    Spells: 6/6 levels left

rFire    . . .     SeeInvis .   n - +1 war axe
rCold    . . .     Faith    .   (no shield)
rNeg     . . .     Spirit   .   d - +2 plate armour {rPois}
rPois    +         Reflect  .   (helmet restricted)
rElec    .         Harm     .   (no cloak)
rCorr    .         Rampage  .   j - +1 pair of gloves
Will     .....                  (no boots)
Stlth    ..........             (no amulet)
HPRegen  0.25/turn              (no ring)
MPRegen  0.10/turn              (no ring)

@: berserking, very quick
A: horns 2, retaliatory headbutt
a: Renounce Religion, Berserk, Trog's Hand


You were on level 4 of the Dungeon.
You worshipped Trog.
Trog was most pleased with you.
You visited 1 branch of the dungeon, and saw 4 of its levels.

You collected 114 gold pieces.

Inventory:

Hand Weapons
 a - a +0 hand axe
 e - a +0 dagger
 n - a +1 war axe (weapon)
Armour
 b - a +0 animal skin
 d - a +2 plate armour of poison resistance (worn)
 i - a +0 leather armour
 j - a +1 pair of gloves (worn)
Wands
 f - a wand of flame (16)
Scrolls
 g - a scroll of blinking
 h - a scroll of identify {unknown}
Potions
 c - a potion of magic {unknown}
 k - a potion of curing {unknown}
 m - a potion of cancellation {unknown}


   Skills:
 + Level 5.4 Fighting
 + Level 7.4 Axes
 + Level 4.2 Armour
 + Level 3.6 Dodging
 + Level 0.4 Stealth


You had 6 spell levels left.
You didn't know any spells.
Your spell library was empty.

Dungeon Overview and Level Annotations

Branches:
Dungeon (4/15)             Temple (0/1) D:4

Altars:
Gozag
Makhleb
Okawaru
Ru
Uskayaw


Innate Abilities, Weirdness & Mutations

You have a pair of horns on your head.
You reflexively headbutt those who attack you in melee.


Message History

The sky beast is moderately wounded.
The sky beast hits you but does no damage.
The sky beast flickers out of sight!
Deactivating autopickup; reactivate with Ctrl-A.
Something hits you but does no damage.
Autopickup is now on.
Deactivating autopickup; reactivate with Ctrl-A.
You miss something. Something hits you but does no damage.
You closely miss something. Your headbutt misses something.
Something hits you but does no damage.
You closely miss something. You headbutt something!
Something hits you but does no damage.
You slash something! Trog accepts your kill.
Reactivating autopickup.
You feel a bit more experienced.
You have reached level 7!
You hit the ogre.
The ogre is lightly wounded.
The ogre hits you with a +0 giant club!!
You completely miss the ogre.
The ogre is lightly wounded.
The ogre hits you but does no damage.
You barely miss the ogre.
The ogre is lightly wounded.
The ogre barely misses you.
You barely miss the ogre. You headbutt the ogre.
The ogre is moderately wounded.
The ogre hits you with a +0 giant club!!
* * * LOW HITPOINT WARNING * * *
A red film seems to cover your vision as you go berserk!
You feel yourself moving faster!
You feel mighty! The ogre hits you with a +0 giant club.
* * * LOW HITPOINT WARNING * * *
You closely miss the ogre.
The ogre is lightly wounded.
You hit the ogre. You headbutt the ogre!
The ogre is severely wounded.
The ogre hits you with a +0 giant club!!
You die...

##.#####.....#......##.†...#.....
#..# #.)...#......##.#...#.....
##.## #.....#......##.#...#<....
###..# #.....#......##.#...# ....
.....# #.........#####.###.# #...
.....###.........#.........# #...
......##.........#.........# #...
.)..#. #.........#.........# #...
....# #........@#...(.....#####.
....# ######...O#...............
....# #....#.........#####. ....#
#....#.........# #. ....#
+.......##.#########. ....#
####....##.##........... ....#
......<..#.###########.. ....#
.........#.# #.. #####
.#####+#†#+###### #..


You could see an ogre.

Vanquished Creatures
  A sky beast (D:4)
  An ogre (D:4)
  A phantom (D:4)
  A hound (D:4)
  A centaur skeleton (D:4)
  An orc priest (D:4)
  2 iguanas (D:4)
  7 adders
  2 worms
  13 orcs
  10 endoplasms
  4 giant cockroaches (D:1)
  9 goblins
  5 hobgoblins
  7 jackals
  4 quokkas
  8 ball pythons
  7 bats
  3 frilled lizards
  A jackal skeleton (D:4)
  9 kobolds
  3 rats
100 creatures vanquished.

Notes
Turn   | Place    | Note
-------+----------+-------------------------------------------
     0 | D:1      | Aromasin the Minotaur Berserker began the quest for the
                  | Orb.
     0 | D:1      | Reached XP level 1. HP: 19/19 MP: 0/0
   179 | D:1      | Reached XP level 2. HP: 26/27 MP: 1/1
   207 | D:1      | Reached skill level 4 in Axes
   563 | D:1      | Found a faded altar of an unknown god.
   709 | D:1      | Reached ** piety under Trog
   710 | D:1      | Reached XP level 3. HP: 33/33 MP: 2/2
  1063 | D:2      | Reached XP level 4. HP: 41/41 MP: 3/3
  1787 | D:3      | Identified a scroll of acquirement
  1787 | D:3      | Acquired a +2 plate armour of poison resistance
  2065 | D:3      | Reached skill level 5 in Axes
  2458 | D:3      | Reached XP level 5. HP: 42/47 MP: 4/4
  2458 | D:3      | Found an iron altar of Okawaru.
  2488 | D:3      | Found a hide-covered altar of Uskayaw.
  2496 | D:3      | Found an opulent altar of Gozag.
  2509 | D:3      | Found a sacrificial altar of Ru.
  2528 | D:3      | Found a burning altar of Makhleb.
  2716 | D:4      | Found a staircase to the Ecumenical Temple.
  2920 | D:4      | Reached *** piety under Trog
  3003 | D:4      | Noticed a phantom
  3012 | D:4      | Killed a phantom
  3013 | D:4      | Reached skill level 5 in Fighting
  3046 | D:4      | Noticed an ogre
  3057 | D:4      | Killed an ogre
  3058 | D:4      | Reached skill level 6 in Axes
  3058 | D:4      | Reached XP level 6. HP: 56/56 MP: 5/5
  3262 | D:4      | Reached skill level 7 in Axes
  3280 | D:4      | Noticed a sky beast
  3293 | D:4      | Killed a sky beast
  3294 | D:4      | Reached XP level 7. HP: 52/61 MP: 6/6
  3307 | D:4      | Slain by an ogre

Illustrated notes

Levels and vault maps discovered:
D:1:      wander_arrival_lonely_grave, layout_rooms,
          chequers_ecumenical_altar_twisty
D:2:      minmay_skewed_foursquare, layout_basic
D:3:      layout_basic, minmay_overflow_temple_star_hex
D:4:      layout_basic, minmay_temple_entry_arrows,
          gammafunk_ghost_gnarly_gnolls, minmay_mini_jars

Skill      XL: |  1  2  3  4  5  6 |
---------------+-------------------+-----
Fighting       | 4 5 |  5.4
Axes           | 4 5 6 7 |  7.4
Dodging        | 3 |  3.6
Armour         | 3 4 |  4.2
Stealth        | |  0.4

Action                   |  1- 3 |  4- 6 |  7- 9 || total
-------------------------+-------+-------+-------++-------
Melee: Hand axe          |    88 |    25 |       ||   113
       Headbutt          |     4 |    23 |     2 ||    29
       War axe           |       |   111 |     6 ||   117
Invok: Berserk           |     1 |     3 |     1 ||     5
       Trog's Hand       |       |     1 |       ||     1
  Use: Scroll            |       |     5 |       ||     5
Armor: Animal skin       |    10 |       |       ||    10
       Leather armour    |    14 |     7 |       ||    21
       Plate armour      |       |    76 |     1 ||    77
Dodge: Dodged            |    64 |    70 |     1 ||   135
